Montreal Canadiens vs Chicago Black Hawks (R1)

Created - Sunday, November 9, 2025 at 07:30

Goals
1 2 3 T
Montreal Canadiens 1 1 0 2
Chicago Black Hawks 2 1 0 3
Shots
1 2 3 T
Montreal Canadiens 11 14 13 38
Chicago Black Hawks 11 9 14 34

1st period

1. Chicago Black Hawks , Matthew Beniers 22 (Shane Wright 8, Justin Faulk 21) at 12:02
2. Chicago Black Hawks , Lucas Raymond 32 (Trevor Zegras 48, Barrett Hayton 45) at 15:49
3. Montreal Canadiens , Juraj Slafkovsky 19 (Brady Skjei 27) at 18:50

Penalties :
No Penalty

2nd period

4. Montreal Canadiens , Brad Marchand 26 (Martin Necas 62, Macklin Celebrini 53) at 1:52 (PP)
5. Chicago Black Hawks , Barrett Hayton 30 (Lucas Raymond 47) at 17:43

Penalties :
Shane Wright (CHI) for Tripping (Minor) at 0:48, Shane Wright (CHI) for Hooking (Minor) at 12:30

3rd period

No Goal

Penalties :
Zachary Werenski (CHI) for Close Hand On Puck (Minor) at 0:22, Ryan Poehling (MTL) for Interference (Minor) at 6:02, Oliver Bjorkstrand (CHI) for Hooking (Minor) at 9:21, Lane Hutson (MTL) for Interference (Minor) at 18:04

Goalie Stats

Stuart Skinner (MTL), 31 saves from 34 shots - (0.912), L, 33-20-6, 60:00 minutes
Filip Gustavsson (CHI), 36 saves from 38 shots - (0.947), W, 22-20-6, 60:00 minutes

Players Stats for Montreal Canadiens

Player Name              G  A  P  +/- PIM S  H  SB GA TA FO     MP     PP MP  PK MP  
------------------------------------------------------------------------------------
Adam Fox                 0  0  0  -3  0   1  0  1  0  0  0/0    19:32   4:06   0:44 
Arttu Hyry               0  0  0  -1  0   2  0  0  1  0  0/0     9:24   0:16   0:00 
Brad Marchand            1  0  1   1  0   2  4  1  2  1  1/2    17:41   3:33   0:25 
Brady Skjei              0  1  1   1  0   1  3  0  0  3  0/0    22:43   2:55   2:13 
Damon Severson           0  0  0   0  0   0  0  1  0  0  0/0    20:21   3:22   0:00 
Drew O'Connor            0  0  0  -1  0   2  2  1  0  0  0/0    14:57   0:00   1:50 
Dylan Larkin             0  0  0  -1  0   4  3  0  1  0  12/20  16:26   3:28   0:00 
Evgeni Dadonov           0  0  0  -1  0   2  0  0  0  0  0/1     9:45   0:16   0:12 
Ilya Lyubushkin          0  0  0  -3  0   3  0  2  0  2  0/0    15:46   0:00   1:35 
Jake Evans               0  0  0  -1  0   2  0  0  1  0  0/1    16:02   0:00   1:52 
Jeff Petry               0  0  0   0  0   1  1  1  1  0  0/0    19:44   0:08   2:19 
Juraj Slafkovsky         1  0  1   1  0   2  3  0  1  0  0/2    15:59   3:12   0:00 
Lane Hutson              0  0  0   1  2   1  1  2  0  1  0/0    21:53   3:31   0:57 
Macklin Celebrini        0  1  1   1  0   0  1  0  1  0  7/14   16:11   3:33   0:00 
Martin Necas             0  1  1  -1  0   7  0  0  0  0  0/2    18:28   3:33   0:45 
Patrik Laine             0  0  0  -1  0   3  1  1  0  0  1/3    16:05   3:12   0:00 
Ryan Poehling            0  0  0  -1  2   4  2  1  0  0  9/15   14:24   0:00   0:54 
Teddy Blueger            0  0  0  -1  0   1  1  0  1  1  2/5    10:43   0:00   1:50 

Players Stats for Chicago Black Hawks

Player Name              G  A  P  +/- PIM S  H  SB GA TA FO     MP     PP MP  PK MP  
------------------------------------------------------------------------------------
Barrett Hayton           1  1  2   2  0   2  1  0  2  2  11/14  18:19   1:55   3:19 
Bobby Brink              0  0  0   0  0   1  1  0  1  0  1/2    13:03   0:00   0:00 
Brent Burns              0  0  0   0  0   1  1  2  0  2  0/0    22:13   1:59   3:37 
Brett Howden             0  0  0   0  0   2  1  1  0  0  0/0    10:07   0:00   0:57 
Christopher Tanev        0  0  0   0  0   1  2  0  0  0  0/0    22:13   1:59   3:37 
Eeli Tolvanen            0  0  0   0  0   0  1  1  0  1  0/1    13:18   0:00   0:00 
Jonas Brodin             0  0  0   2  0   0  0  1  0  1  0/0    19:22   0:00   0:53 
Justin Faulk             0  1  1   0  0   1  1  1  0  1  0/0    19:29   1:55   3:24 
Leo Carlsson             0  0  0   0  0   2  2  0  2  0  11/21  18:45   1:59   3:23 
Lucas Raymond            1  1  2   2  0   3  1  2  0  0  0/1    13:02   0:00   0:07 
Matthew Beniers          1  0  1   0  0   6  2  2  1  1  7/16   18:58   1:59   3:22 
Morgan Frost             0  0  0   0  0   4  0  0  0  0  3/6    11:05   1:55   0:00 
Noah Dobson              0  0  0   1  0   0  0  1  0  0  0/0    12:16   0:00   0:00 
Oliver Bjorkstrand       0  0  0   0  2   3  1  1  1  1  0/4    17:48   1:54   2:23 
Ryan Suzuki              0  0  0   0  0   1  1  0  0  0  0/0     9:10   0:00   0:00 
Shane Wright             0  1  1   0  4   4  1  1  0  0  0/0    13:55   0:05   0:00 
Trevor Zegras            0  1  1   2  0   0  0  1  0  0  0/0    15:21   1:55   0:31 
Zachary Werenski         0  0  0   1  2   3  0  0  1  0  0/0    24:31   1:55   2:31 

3 Stars

1 - Lucas Raymond (CHI)
2 - Barrett Hayton (CHI)
3 - Filip Gustavsson (CHI)

Power Play

Montreal Canadiens - 1 on 4 Attempt(s) - 25.00%
Chicago Black Hawks - 0 on 2 Attempt(s) - 0.00%

Penalty Kill

Montreal Canadiens - 2 on 2 Attempt(s) - 100.00% - Score 0 goal in Penalty Kill
Chicago Black Hawks - 3 on 4 Attempt(s) - 75.00% - Score 0 goal in Penalty Kill

Team Stat

Montreal Canadiens - Hits : 22 - Faceoff Wins : 32 - Blocked Shots : 11 - Penalty Minutes : 4
Chicago Black Hawks - Hits : 16 - Faceoff Wins : 33 - Blocked Shots : 14 - Penalty Minutes : 8

Official

Referees : Ian Walsh and Jordan Samuels
Linesman : Ryan Galloway and Ryan Daisy

Game Notes

12:14 of 3rd period - Chicago Black Hawks goal is going for a video replay. After video review, No Goal. The puck has been directed, batted or thrown into the net by an attacking player other than with a stick.

Finance

Level 1 -- Attendance: 4172 (69.53%) -- Ticket Income $417,200
Level 2 -- Attendance: 3858 (77.16%) -- Ticket Income $231,480
Level 3 -- Attendance: 2477 (82.57%) -- Ticket Income $86,695
Level 4 -- Attendance: 3450 (69.00%) -- Ticket Income $86,250
Luxury Box -- Attendance: 807 (80.70%) -- Ticket Income $161,400
Game was played at the United Center.
Total Attendance: 14764 (73.82%)
Total Ticket Income: $983,025
Other Income: $344,059
Total Income: $1,327,084

Montreal Canadiens

5 vs 5 Forward 
   Center                   Left Wing                Right Wing               Time % Phy DF OF 
 1 Dylan Larkin             Martin Necas             Jake Evans               30     0   0  5  
 2 Macklin Celebrini        Juraj Slafkovsky         Brad Marchand            30     0   0  5  
 3 Ryan Poehling            Drew O'Connor            Patrik Laine             25     1   4  0  
 4 Teddy Blueger            Evgeni Dadonov           Arttu Hyry               15     1   4  0  

5 vs 5 Defense 
   Defense                  Defense                                           Time % Phy DF OF 
 1 Brady Skjei              Lane Hutson                                       35     1   4  0  
 2 Jeff Petry               Damon Severson                                    35     1   4  0  
 3 Ilya Lyubushkin          Adam Fox                                          30     1   4  0  
 4 Brady Skjei              Lane Hutson                                       0      0   5  0  

PowerPlay Forward 
   Center                   Left Wing                Right Wing               Time % Phy DF OF 
 1 Macklin Celebrini        Brad Marchand            Martin Necas             50     0   0  5  
 2 Dylan Larkin             Juraj Slafkovsky         Patrik Laine             50     0   0  5  

PowerPlay Defense
   Defense                  Defense                                           Time % Phy DF OF 
 1 Lane Hutson              Adam Fox                                          50     0   0  5  
 2 Brady Skjei              Damon Severson                                    50     0   0  5  

Penalty Kill 4 Players Forward 
   Center                   Wing                     Time % Phy DF OF 
 1 Ryan Poehling            Jake Evans               50     0   5  0  
 2 Teddy Blueger            Drew O'Connor            50     0   5  0  

Penalty Kill 4 Players Defense
   Defense                  Defense                  Time % Phy DF OF 
 1 Brady Skjei              Ilya Lyubushkin          50     0   5  0  
 2 Lane Hutson              Jeff Petry               50     0   5  0  

Penalty Kill - 3 Players Forward 
   Forward                                           Time % Phy DF OF 
 1 Jake Evans                                        50     0   5  0  
 2 Ryan Poehling                                     50     0   5  0  

Penalty Kill - 3 Players Defense
   Defense                  Defense                  Time % Phy DF OF 
 1 Brady Skjei              Ilya Lyubushkin          50     0   5  0  
 2 Lane Hutson              Jeff Petry               50     0   5  0  

4 vs 4 Forward 
   Center                   Wing                     Time % Phy DF OF 
 1 Dylan Larkin             Martin Necas             50     0   3  2  
 2 Macklin Celebrini        Brad Marchand            50     0   3  2  

4 vs 4 Defense
   Defense                  Defense                  Time % Phy DF OF 
 1 Lane Hutson              Adam Fox                 50     0   3  2  
 2 Brady Skjei              Damon Severson           50     0   3  2  

Last Minutes Offensive
   Center                   Left Wing                Right Wing               Defense                  Defense                  
   Dylan Larkin             Brad Marchand            Martin Necas             Lane Hutson              Adam Fox                 

Last Minutes Defensive
   Center                   Left Wing                Right Wing               Defense                  Defense                  
   Jake Evans               Ryan Poehling            Drew O'Connor            Brady Skjei              Jeff Petry               

Goaltenders
Starting : Stuart Skinner           
Backup : Pyotr Kochetkov          

Extra Forwards
Normal : Macklin Celebrini, Dylan Larkin, Martin Necas - PP : Dylan Larkin, Macklin Celebrini - PK : Martin Necas
Extra Defensemen
Normal : Lane Hutson, Brady Skjei, Adam Fox - PP : Lane Hutson - PK : Brady Skjei, Lane Hutson
Penalty Shots
Patrik Laine, Teddy Blueger, Ryan Poehling, Dylan Larkin, Arttu Hyry

Scratches
Ian Mitchell (Healthy), David Rittich (Healthy)

Chicago Black Hawks

5 vs 5 Forward 
   Center                   Left Wing                Right Wing               Time % Phy DF OF 
 1 Leo Carlsson             Eeli Tolvanen            Oliver Bjorkstrand       30     1   2  2  
 2 Barrett Hayton           Lucas Raymond            Trevor Zegras            30     1   2  2  
 3 Matthew Beniers          Shane Wright             Bobby Brink              25     1   2  2  
 4 Morgan Frost             Brett Howden             Ryan Suzuki              15     1   2  2  

5 vs 5 Defense 
   Defense                  Defense                                           Time % Phy DF OF 
 1 Zachary Werenski         Justin Faulk                                      30     1   2  2  
 2 Brent Burns              Christopher Tanev                                 30     1   2  2  
 3 Noah Dobson              Jonas Brodin                                      25     1   2  2  
 4 Jonas Brodin             Zachary Werenski                                  15     1   2  2  

PowerPlay Forward 
   Center                   Left Wing                Right Wing               Time % Phy DF OF 
 1 Leo Carlsson             Matthew Beniers          Oliver Bjorkstrand       50     1   2  2  
 2 Barrett Hayton           Morgan Frost             Trevor Zegras            50     1   2  2  

PowerPlay Defense
   Defense                  Defense                                           Time % Phy DF OF 
 1 Zachary Werenski         Justin Faulk                                      50     1   2  2  
 2 Brent Burns              Christopher Tanev                                 50     1   2  2  

Penalty Kill 4 Players Forward 
   Center                   Wing                     Time % Phy DF OF 
 1 Oliver Bjorkstrand       Leo Carlsson             50     1   2  2  
 2 Barrett Hayton           Matthew Beniers          50     1   2  2  

Penalty Kill 4 Players Defense
   Defense                  Defense                  Time % Phy DF OF 
 1 Zachary Werenski         Justin Faulk             50     1   2  2  
 2 Brent Burns              Christopher Tanev        50     1   2  2  

Penalty Kill - 3 Players Forward 
   Forward                                           Time % Phy DF OF 
 1 Barrett Hayton                                    50     1   2  2  
 2 Leo Carlsson                                      50     1   2  2  

Penalty Kill - 3 Players Defense
   Defense                  Defense                  Time % Phy DF OF 
 1 Zachary Werenski         Justin Faulk             50     1   2  2  
 2 Brent Burns              Christopher Tanev        50     1   2  2  

4 vs 4 Forward 
   Center                   Wing                     Time % Phy DF OF 
 1 Oliver Bjorkstrand       Leo Carlsson             50     1   2  2  
 2 Barrett Hayton           Matthew Beniers          50     1   2  2  

4 vs 4 Defense
   Defense                  Defense                  Time % Phy DF OF 
 1 Zachary Werenski         Justin Faulk             50     1   2  2  
 2 Brent Burns              Christopher Tanev        50     1   2  2  

Last Minutes Offensive
   Center                   Left Wing                Right Wing               Defense                  Defense                  
   Leo Carlsson             Eeli Tolvanen            Oliver Bjorkstrand       Zachary Werenski         Justin Faulk             

Last Minutes Defensive
   Center                   Left Wing                Right Wing               Defense                  Defense                  
   Leo Carlsson             Eeli Tolvanen            Oliver Bjorkstrand       Zachary Werenski         Justin Faulk             

Goaltenders
Starting : Filip Gustavsson         
Backup : Adin Hill                

Extra Forwards
Normal : Shane Wright, Morgan Frost, Brett Howden - PP : Shane Wright, Morgan Frost - PK : Brett Howden
Extra Defensemen
Normal : Noah Dobson, Zachary Werenski, Jonas Brodin - PP : Noah Dobson - PK : Zachary Werenski, Jonas Brodin
Penalty Shots
Morgan Frost, Leo Carlsson, Barrett Hayton, Matthew Beniers, Oliver Bjorkstrand

Scratches
David Jiricek (Healthy), Ryan Lindgren (Healthy), Simon Nemec (Healthy), Antonio Stranges (Healthy), Noah Cates (Healthy)

% Time on Ice - Montreal Canadiens

Lines # - Real PCT - Wanted PCT - Time Play
Normal Forward
1 - 29% - 30% - 14:10
2 - 26% - 30% - 12:55
3 - 27% - 25% - 13:07
4 - 18% - 15% - 8:53
Normal Defense
1 - 34% - 35% - 16:47
2 - 35% - 35% - 16:59
3 - 28% - 30% - 13:47
4 - 3% - 0% - 1:32
PP Forward
1 - 51% - 50% - 3:33
2 - 49% - 50% - 3:28
PP Defense
1 - 52% - 50% - 3:39
2 - 48% - 50% - 3:22
PK Forward
1 - 53% - 50% - 2:04
2 - 47% - 50% - 1:50
PK Defense
1 - 41% - 50% - 1:35
2 - 59% - 50% - 2:19
PK3 Forward
1 - 0% - 50%
2 - 0% - 50%
PK3 Defense
1 - 0% - 50%
2 - 0% - 50%
44 Forward
1 - 0% - 50%
2 - 0% - 50%
44 Defense
1 - 0% - 50%
2 - 0% - 50%
Last Minute Offensive  - 0:00
Last Minute Defensive  - 0:00
Total
Forward - 60:00
Defense - 60:00

% Time on Ice - Chicago Black Hawks

Lines # - Real PCT - Wanted PCT - Time Play
Normal Forward
1 - 28% - 30% - 13:47
2 - 27% - 30% - 13:05
3 - 27% - 25% - 13:03
4 - 19% - 15% - 9:10
Normal Defense
1 - 29% - 30% - 14:23
2 - 34% - 30% - 16:37
3 - 25% - 25% - 12:03
4 - 12% - 15% - 6:02
PP Forward
1 - 51% - 50% - 1:59
2 - 49% - 50% - 1:55
PP Defense
1 - 49% - 50% - 1:55
2 - 51% - 50% - 1:59
PK Forward
1 - 52% - 50% - 3:39
2 - 48% - 50% - 3:22
PK Defense
1 - 48% - 50% - 3:24
2 - 52% - 50% - 3:37
PK3 Forward
1 - 0% - 50%
2 - 0% - 50%
PK3 Defense
1 - 0% - 50%
2 - 0% - 50%
44 Forward
1 - 0% - 50%
2 - 0% - 50%
44 Defense
1 - 0% - 50%
2 - 0% - 50%
Last Minute Offensive  - 0:00
Last Minute Defensive  - 0:00
Total
Forward - 60:00
Defense - 60:00

Play-by-Play

1st period


0:01 of 1st period - Dylan Larkin wins face-off versus Leo Carlsson in neutral zone.
0:08 of 1st period - Backhand shot by Dylan Larkin.
0:08 of 1st period - Stopped by Filip Gustavsson without a rebound.
0:09 of 1st period - Dylan Larkin wins face-off versus Eeli Tolvanen in Chicago Black Hawks zone.
0:33 of 1st period - Wrist shot by Dylan Larkin.
0:33 of 1st period - Stopped by Filip Gustavsson with a rebound.
0:43 of 1st period - Jake Evans is hit by Leo Carlsson and loses puck.
0:54 of 1st period - Leo Carlsson is hit by Brady Skjei.
1:00 of 1st period - Wrist shot by Martin Necas.
1:00 of 1st period - Stopped by Filip Gustavsson with a rebound.
1:18 of 1st period - Slapshot by Dylan Larkin.
1:18 of 1st period - Stopped by Filip Gustavsson with a rebound.
1:25 of 1st period - Icing by Brady Skjei.
1:26 of 1st period - Dylan Larkin wins face-off versus Barrett Hayton in Montreal Canadiens zone.
1:43 of 1st period - Snap shot by Martin Necas.
1:43 of 1st period - Shot Blocked by Brent Burns.
2:18 of 1st period - Wrist shot by Brad Marchand.
2:18 of 1st period - Shot Blocked by Brett Howden.
3:34 of 1st period - Slapshot by Matthew Beniers.
3:34 of 1st period - Shot Misses the Net.
4:08 of 1st period - Backhand shot by Shane Wright.
4:08 of 1st period - Stopped by Stuart Skinner without a rebound.
4:09 of 1st period - Bobby Brink wins face-off versus Teddy Blueger in Montreal Canadiens zone.
4:32 of 1st period - Wrist shot by Lucas Raymond.
4:32 of 1st period - Shot Misses the Net.
4:53 of 1st period - Ryan Poehling is hit by Ryan Suzuki and loses puck.
5:33 of 1st period - Christopher Tanev is hit by Macklin Celebrini and loses puck.
6:14 of 1st period - Wrist shot by Lucas Raymond.
6:14 of 1st period - Stopped by Stuart Skinner with a rebound.
6:16 of 1st period - Backhand shot by Brent Burns.
6:16 of 1st period - Shot Misses the Net.
6:30 of 1st period - Slapshot by Patrik Laine.
6:30 of 1st period - Deflect By Ryan Poehling.
6:30 of 1st period - Shot Misses the Net.
6:30 of 1st period - Puck is out of play.
6:31 of 1st period - Barrett Hayton wins face-off versus Ryan Poehling in Chicago Black Hawks zone.
7:03 of 1st period - Snap shot by Macklin Celebrini.
7:03 of 1st period - Shot Blocked by Jonas Brodin.
7:05 of 1st period - Slapshot by Brad Marchand.
7:05 of 1st period - Stopped by Filip Gustavsson without a rebound.
7:06 of 1st period - Ryan Poehling wins face-off versus Matthew Beniers in Chicago Black Hawks zone.
8:21 of 1st period - Snap shot by Morgan Frost.
8:21 of 1st period - Shot Blocked by Lane Hutson.
8:23 of 1st period - Wrist shot by Ryan Suzuki.
8:23 of 1st period - Deflect By Brett Howden.
8:23 of 1st period - Shot Misses the Net.
8:23 of 1st period - Puck is out of play.
8:24 of 1st period - Barrett Hayton wins face-off versus Juraj Slafkovsky in Montreal Canadiens zone.
9:03 of 1st period - Snap shot by Shane Wright.
9:03 of 1st period - Stopped by Stuart Skinner with a rebound.
9:15 of 1st period - Snap shot by Dylan Larkin.
9:15 of 1st period - Shot Misses the Net.
9:23 of 1st period - Wrist shot by Dylan Larkin.
9:23 of 1st period - Shot Blocked by Eeli Tolvanen.
9:35 of 1st period - Wrist shot by Morgan Frost.
9:35 of 1st period - Stopped by Stuart Skinner with a rebound.
10:19 of 1st period - Shane Wright is hit by Drew O'Connor.
10:20 of 1st period - Icing by Shane Wright.
10:21 of 1st period - Ryan Poehling wins face-off versus Matthew Beniers in Chicago Black Hawks zone.
10:22 of 1st period - Slapshot by Patrik Laine.
10:22 of 1st period - Shot Blocked by Matthew Beniers.
10:24 of 1st period - Slapshot by Drew O'Connor.
10:24 of 1st period - Shot Hit the Post.
10:26 of 1st period - Snap shot by Brady Skjei.
10:26 of 1st period - Deflect By Shane Wright.
10:26 of 1st period - Stopped by Filip Gustavsson without a rebound.
10:27 of 1st period - Macklin Celebrini wins face-off versus Oliver Bjorkstrand in Chicago Black Hawks zone.
11:37 of 1st period - Trevor Zegras is hit by Brad Marchand and loses puck.
12:00 of 1st period - Slapshot by Shane Wright.
12:00 of 1st period - Deflect By Matthew Beniers.
12:00 of 1st period - Stopped by Stuart Skinner with a rebound.
12:02 of 1st period - Snap shot by Matthew Beniers.
12:02 of 1st period - Goal by Matthew Beniers - Montreal Canadiens : 0 - Chicago Black Hawks : 1.
12:03 of 1st period - Matthew Beniers wins face-off versus Macklin Celebrini in neutral zone.
12:08 of 1st period - Snap shot by Matthew Beniers.
12:08 of 1st period - Stopped by Stuart Skinner with a rebound.
12:16 of 1st period - Shane Wright is hit by Juraj Slafkovsky and loses puck.
13:05 of 1st period - Eeli Tolvanen is hit by Drew O'Connor and loses puck.
13:25 of 1st period - Backhand shot by Teddy Blueger.
13:25 of 1st period - Stopped by Filip Gustavsson with a rebound.
13:27 of 1st period - Slapshot by Adam Fox.
13:27 of 1st period - Stopped by Filip Gustavsson without a rebound.
13:28 of 1st period - Matthew Beniers wins face-off versus Macklin Celebrini in Chicago Black Hawks zone.
13:45 of 1st period - Wrist shot by Juraj Slafkovsky.
13:45 of 1st period - Shot Misses the Net.
14:23 of 1st period - Snap shot by Morgan Frost.
14:23 of 1st period - Shot Blocked by Patrik Laine.
14:25 of 1st period - Slapshot by Zachary Werenski.
14:25 of 1st period - Shot Misses the Net.
14:27 of 1st period - Slapshot by Justin Faulk.
14:27 of 1st period - Stopped by Stuart Skinner without a rebound.
14:28 of 1st period - Ryan Poehling wins face-off versus Matthew Beniers in Montreal Canadiens zone.
14:33 of 1st period - Noah Dobson is hit by Lane Hutson and loses puck.
14:53 of 1st period - Brett Howden is hit by Dylan Larkin and loses puck.
15:09 of 1st period - Brent Burns is hit by Brady Skjei and loses puck.
15:41 of 1st period - Snap shot by Drew O'Connor.
15:41 of 1st period - Stopped by Filip Gustavsson without a rebound.
15:42 of 1st period - Barrett Hayton wins face-off versus Patrik Laine in Chicago Black Hawks zone.
15:49 of 1st period - Wrist shot by Lucas Raymond.
15:49 of 1st period - Goal by Lucas Raymond - Montreal Canadiens : 0 - Chicago Black Hawks : 2.
15:50 of 1st period - Barrett Hayton wins face-off versus Juraj Slafkovsky in neutral zone.
17:08 of 1st period - Snap shot by Morgan Frost.
17:08 of 1st period - Shot Misses the Net.
17:10 of 1st period - Wrist shot by Christopher Tanev.
17:10 of 1st period - Stopped by Stuart Skinner without a rebound.
17:11 of 1st period - Barrett Hayton wins face-off versus Macklin Celebrini in Montreal Canadiens zone.
17:23 of 1st period - Icing by Lane Hutson.
17:24 of 1st period - Macklin Celebrini wins face-off versus Bobby Brink in Montreal Canadiens zone.
17:33 of 1st period - Shane Wright is hit by Brad Marchand and loses puck.
17:40 of 1st period - Snap shot by Matthew Beniers.
17:40 of 1st period - Stopped by Stuart Skinner with a rebound.
17:57 of 1st period - Off-side.
17:58 of 1st period - Dylan Larkin wins face-off versus Leo Carlsson in neutral zone.
18:05 of 1st period - Snap shot by Jake Evans.
18:05 of 1st period - Stopped by Filip Gustavsson with a rebound.
18:07 of 1st period - Backhand shot by Damon Severson.
18:07 of 1st period - Shot Misses the Net.
18:50 of 1st period - Wrist shot by Juraj Slafkovsky.
18:50 of 1st period - Goal by Juraj Slafkovsky - Montreal Canadiens : 1 - Chicago Black Hawks : 2.
18:51 of 1st period - Leo Carlsson wins face-off versus Dylan Larkin in neutral zone.
19:00 of 1st period - Jake Evans is hit by Leo Carlsson and loses puck.
19:17 of 1st period - Jonas Brodin is hit by Jeff Petry and loses puck.
19:24 of 1st period - Ryan Poehling is hit by Lucas Raymond and loses puck.
19:43 of 1st period - Macklin Celebrini is hit by Bobby Brink and loses puck.
Goals for this period are 1 for Montreal Canadiens vs 2 for Chicago Black Hawks.
Shots for this period are 11 for Montreal Canadiens vs 11 for Chicago Black Hawks.

2nd period


0:01 of 2nd period - Leo Carlsson wins face-off versus Martin Necas in neutral zone.
0:33 of 2nd period - Slapshot by Zachary Werenski.
0:33 of 2nd period - Stopped by Stuart Skinner with a rebound.
0:35 of 2nd period - Slapshot by Zachary Werenski.
0:35 of 2nd period - Shot Blocked by Adam Fox.
0:37 of 2nd period - Wrist shot by Trevor Zegras.
0:37 of 2nd period - Shot Misses the Net.
0:48 of 2nd period - Minor Penalty to Shane Wright for Tripping.
0:49 of 2nd period - Macklin Celebrini wins face-off versus Oliver Bjorkstrand in Chicago Black Hawks zone.
0:53 of 2nd period - Wrist shot by Macklin Celebrini.
0:53 of 2nd period - Shot Hit the Post.
1:03 of 2nd period - Brad Marchand is hit by Matthew Beniers and loses puck.
1:52 of 2nd period - Snap shot by Brad Marchand.
1:52 of 2nd period - Goal by Brad Marchand - Montreal Canadiens : 2 - Chicago Black Hawks : 2.
1:53 of 2nd period - Ryan Poehling wins face-off versus Matthew Beniers in neutral zone.
1:56 of 2nd period - Backhand shot by Patrik Laine.
1:56 of 2nd period - Shot Misses the Net.
1:58 of 2nd period - Wrist shot by Ryan Poehling.
1:58 of 2nd period - Stopped by Filip Gustavsson without a rebound.
1:59 of 2nd period - Patrik Laine wins face-off versus Matthew Beniers in Chicago Black Hawks zone.
2:32 of 2nd period - Snap shot by Teddy Blueger.
2:32 of 2nd period - Shot Misses the Net.
2:34 of 2nd period - Wrist shot by Damon Severson.
2:34 of 2nd period - Deflect By Evgeni Dadonov.
2:34 of 2nd period - Stopped by Filip Gustavsson without a rebound.
2:35 of 2nd period - Leo Carlsson wins face-off versus Dylan Larkin in Chicago Black Hawks zone.
2:42 of 2nd period - Snap shot by Leo Carlsson.
2:42 of 2nd period - Stopped by Stuart Skinner without a rebound.
2:43 of 2nd period - Leo Carlsson wins face-off versus Dylan Larkin in Montreal Canadiens zone.
2:50 of 2nd period - Snap shot by Leo Carlsson.
2:50 of 2nd period - Shot Blocked by Lane Hutson.
2:57 of 2nd period - Off-side.
2:58 of 2nd period - Morgan Frost wins face-off versus Macklin Celebrini in neutral zone.
3:25 of 2nd period - Lucas Raymond is hit by Dylan Larkin and loses puck.
3:50 of 2nd period - Slapshot by Leo Carlsson.
3:50 of 2nd period - Stopped by Stuart Skinner with a rebound.
4:10 of 2nd period - Backhand shot by Arttu Hyry.
4:10 of 2nd period - Stopped by Filip Gustavsson without a rebound.
4:11 of 2nd period - Teddy Blueger wins face-off versus Matthew Beniers in Chicago Black Hawks zone.
4:15 of 2nd period - Icing by Brent Burns.
4:16 of 2nd period - Matthew Beniers wins face-off versus Macklin Celebrini in Chicago Black Hawks zone.
4:42 of 2nd period - Ilya Lyubushkin is hit by Shane Wright and loses puck.
5:31 of 2nd period - Matthew Beniers is hit by Juraj Slafkovsky.
5:41 of 2nd period - Snap shot by Matthew Beniers.
5:41 of 2nd period - Shot Blocked by Ilya Lyubushkin.
5:43 of 2nd period - Slapshot by Brent Burns.
5:43 of 2nd period - Shot Blocked by Brad Marchand.
5:45 of 2nd period - Slapshot by Christopher Tanev.
5:45 of 2nd period - Shot Misses the Net.
5:47 of 2nd period - Snap shot by Brent Burns.
5:47 of 2nd period - Deflect By Brad Marchand.
5:47 of 2nd period - Stopped by Stuart Skinner with a rebound.
5:58 of 2nd period - Icing by Brent Burns.
5:59 of 2nd period - Dylan Larkin wins face-off versus Matthew Beniers in Chicago Black Hawks zone.
6:26 of 2nd period - Shane Wright is hit by Teddy Blueger.
7:29 of 2nd period - Slapshot by Teddy Blueger.
7:29 of 2nd period - Shot Misses the Net.
7:31 of 2nd period - Slapshot by Arttu Hyry.
7:31 of 2nd period - Stopped by Filip Gustavsson with a rebound.
7:33 of 2nd period - Slapshot by Jeff Petry.
7:33 of 2nd period - Stopped by Filip Gustavsson without a rebound.
7:34 of 2nd period - Teddy Blueger wins face-off versus Barrett Hayton in Chicago Black Hawks zone.
7:39 of 2nd period - Snap shot by Lane Hutson.
7:39 of 2nd period - Stopped by Filip Gustavsson without a rebound.
7:40 of 2nd period - Barrett Hayton wins face-off versus Ryan Poehling in Chicago Black Hawks zone.
7:40 of 2nd period - Barrett Hayton is hit by Ryan Poehling.
7:56 of 2nd period - Wrist shot by Lucas Raymond.
7:56 of 2nd period - Shot Misses the Net.
8:13 of 2nd period - Wrist shot by Brett Howden.
8:13 of 2nd period - Stopped by Stuart Skinner without a rebound.
8:14 of 2nd period - Dylan Larkin wins face-off versus Leo Carlsson in Montreal Canadiens zone.
8:41 of 2nd period - Slapshot by Lucas Raymond.
8:41 of 2nd period - Stopped by Stuart Skinner with a rebound.
9:21 of 2nd period - Wrist shot by Oliver Bjorkstrand.
9:21 of 2nd period - Shot Misses the Net.
9:23 of 2nd period - Slapshot by Eeli Tolvanen.
9:23 of 2nd period - Deflect By Teddy Blueger.
9:23 of 2nd period - Shot Blocked by Jeff Petry.
9:23 of 2nd period - Puck is out of play.
9:24 of 2nd period - Dylan Larkin wins face-off versus Leo Carlsson in Montreal Canadiens zone.
9:31 of 2nd period - Wrist shot by Martin Necas.
9:31 of 2nd period - Stopped by Filip Gustavsson without a rebound.
9:32 of 2nd period - Dylan Larkin wins face-off versus Barrett Hayton in Chicago Black Hawks zone.
9:37 of 2nd period - Slapshot by Dylan Larkin.
9:37 of 2nd period - Shot Blocked by Trevor Zegras.
9:39 of 2nd period - Slapshot by Brady Skjei.
9:39 of 2nd period - Shot Blocked by Noah Dobson.
9:41 of 2nd period - Wrist shot by Dylan Larkin.
9:41 of 2nd period - Stopped by Filip Gustavsson with a rebound.
9:43 of 2nd period - Wrist shot by Lane Hutson.
9:43 of 2nd period - Shot Blocked by Lucas Raymond.
9:45 of 2nd period - Slapshot by Dylan Larkin.
9:45 of 2nd period - Shot Misses the Net.
9:47 of 2nd period - Slapshot by Lane Hutson.
9:47 of 2nd period - Shot Misses the Net.
9:49 of 2nd period - Slapshot by Brady Skjei.
9:49 of 2nd period - Deflect By Martin Necas.
9:49 of 2nd period - Shot Blocked by Lucas Raymond.
9:49 of 2nd period - Puck is out of play.
9:50 of 2nd period - Ryan Poehling wins face-off versus Leo Carlsson in Chicago Black Hawks zone.
9:53 of 2nd period - Snap shot by Patrik Laine.
9:53 of 2nd period - Stopped by Filip Gustavsson with a rebound.
9:55 of 2nd period - Slapshot by Patrik Laine.
9:55 of 2nd period - Deflect By Drew O'Connor.
9:55 of 2nd period - Stopped by Filip Gustavsson with a rebound.
9:57 of 2nd period - Slapshot by Ilya Lyubushkin.
9:57 of 2nd period - Stopped by Filip Gustavsson without a rebound.
9:58 of 2nd period - Leo Carlsson wins face-off versus Ryan Poehling in Chicago Black Hawks zone.
12:22 of 2nd period - Snap shot by Martin Necas.
12:22 of 2nd period - Stopped by Filip Gustavsson with a rebound.
12:30 of 2nd period - Minor Penalty to Shane Wright for Hooking.
12:31 of 2nd period - Leo Carlsson wins face-off versus Dylan Larkin in Chicago Black Hawks zone.
12:56 of 2nd period - Barrett Hayton is hit by Brad Marchand and loses puck.
14:30 of 2nd period - Penalty to Shane Wright is over, Shane Wright is back on ice.
15:05 of 2nd period - Drew O'Connor is hit by Barrett Hayton.
15:31 of 2nd period - Snap shot by Matthew Beniers.
15:31 of 2nd period - Shot Misses the Net.
15:34 of 2nd period - Icing by Ilya Lyubushkin.
15:35 of 2nd period - Macklin Celebrini wins face-off versus Leo Carlsson in Montreal Canadiens zone.
15:43 of 2nd period - Icing by Justin Faulk.
15:44 of 2nd period - Ryan Poehling wins face-off versus Morgan Frost in Chicago Black Hawks zone.
15:49 of 2nd period - Wrist shot by Patrik Laine.
15:49 of 2nd period - Shot Misses the Net.
16:13 of 2nd period - Slapshot by Martin Necas.
16:13 of 2nd period - Stopped by Filip Gustavsson with a rebound.
16:53 of 2nd period - Slapshot by Zachary Werenski.
16:53 of 2nd period - Stopped by Stuart Skinner with a rebound.
17:18 of 2nd period - Justin Faulk is hit by Patrik Laine and loses puck.
17:37 of 2nd period - Wrist shot by Barrett Hayton.
17:37 of 2nd period - Stopped by Stuart Skinner with a rebound.
17:43 of 2nd period - Snap shot by Barrett Hayton.
17:43 of 2nd period - Goal by Barrett Hayton - Montreal Canadiens : 2 - Chicago Black Hawks : 3.
17:44 of 2nd period - Leo Carlsson wins face-off versus Macklin Celebrini in neutral zone.
17:46 of 2nd period - Off-side.
17:47 of 2nd period - Macklin Celebrini wins face-off versus Leo Carlsson in neutral zone.
18:12 of 2nd period - Snap shot by Bobby Brink.
18:12 of 2nd period - Shot Misses the Net.
18:14 of 2nd period - Slapshot by Zachary Werenski.
18:14 of 2nd period - Shot Misses the Net.
18:16 of 2nd period - Wrist shot by Matthew Beniers.
18:16 of 2nd period - Shot Misses the Net.
19:05 of 2nd period - Wrist shot by Oliver Bjorkstrand.
19:05 of 2nd period - Shot Blocked by Drew O'Connor.
Goals for this period are 1 for Montreal Canadiens vs 1 for Chicago Black Hawks.
Shots for this period are 14 for Montreal Canadiens vs 9 for Chicago Black Hawks.

3rd period


0:01 of 3rd period - Dylan Larkin wins face-off versus Leo Carlsson in neutral zone.
0:04 of 3rd period - Slapshot by Martin Necas.
0:04 of 3rd period - Shot Blocked by Oliver Bjorkstrand.
0:22 of 3rd period - Minor Penalty to Zachary Werenski for Close Hand On Puck.
0:23 of 3rd period - Dylan Larkin wins face-off versus Oliver Bjorkstrand in Chicago Black Hawks zone.
0:48 of 3rd period - Martin Necas is hit by Christopher Tanev and loses puck.
0:57 of 3rd period - Snap shot by Matthew Beniers.
0:57 of 3rd period - Stopped by Stuart Skinner without a rebound.
0:58 of 3rd period - Barrett Hayton wins face-off versus Patrik Laine in Montreal Canadiens zone.
1:08 of 3rd period - Off-side.
1:09 of 3rd period - Dylan Larkin wins face-off versus Oliver Bjorkstrand in neutral zone.
1:27 of 3rd period - Juraj Slafkovsky is hit by Christopher Tanev and loses puck.
2:22 of 3rd period - Penalty to Zachary Werenski is over, Zachary Werenski is back on ice.
2:40 of 3rd period - Slapshot by Jonas Brodin.
2:40 of 3rd period - Deflect By Morgan Frost.
2:40 of 3rd period - Stopped by Stuart Skinner with a rebound.
2:42 of 3rd period - Wrist shot by Ryan Suzuki.
2:42 of 3rd period - Stopped by Stuart Skinner with a rebound.
3:08 of 3rd period - Drew O'Connor is hit by Matthew Beniers and loses puck.
3:13 of 3rd period - Wrist shot by Shane Wright.
3:13 of 3rd period - Deflect By Matthew Beniers.
3:13 of 3rd period - Shot Misses the Net.
3:13 of 3rd period - Puck is out of play.
3:14 of 3rd period - Dylan Larkin wins face-off versus Matthew Beniers in Montreal Canadiens zone.
3:22 of 3rd period - Wrist shot by Martin Necas.
3:22 of 3rd period - Stopped by Filip Gustavsson without a rebound.
3:23 of 3rd period - Leo Carlsson wins face-off versus Dylan Larkin in Chicago Black Hawks zone.
3:28 of 3rd period - Slapshot by Zachary Werenski.
3:28 of 3rd period - Deflect By Leo Carlsson.
3:28 of 3rd period - Deflect By Martin Necas.
3:28 of 3rd period - Shot Blocked by Damon Severson.
3:28 of 3rd period - Puck is out of play.
3:29 of 3rd period - Macklin Celebrini wins face-off versus Leo Carlsson in Montreal Canadiens zone.
3:29 of 3rd period - Macklin Celebrini is hit by Eeli Tolvanen.
3:39 of 3rd period - Wrist shot by Juraj Slafkovsky.
3:39 of 3rd period - Stopped by Filip Gustavsson without a rebound.
3:40 of 3rd period - Barrett Hayton wins face-off versus Macklin Celebrini in Chicago Black Hawks zone.
4:16 of 3rd period - Wrist shot by Oliver Bjorkstrand.
4:16 of 3rd period - Stopped by Stuart Skinner without a rebound.
4:17 of 3rd period - Matthew Beniers wins face-off versus Ryan Poehling in Montreal Canadiens zone.
4:25 of 3rd period - Icing by Ilya Lyubushkin.
4:26 of 3rd period - Matthew Beniers wins face-off versus Ryan Poehling in Montreal Canadiens zone.
4:31 of 3rd period - Snap shot by Shane Wright.
4:31 of 3rd period - Stopped by Stuart Skinner with a rebound.
4:53 of 3rd period - Slapshot by Noah Dobson.
4:53 of 3rd period - Deflect By Matthew Beniers.
4:53 of 3rd period - Stopped by Stuart Skinner with a rebound.
4:55 of 3rd period - Snap shot by Shane Wright.
4:55 of 3rd period - Stopped by Stuart Skinner without a rebound.
4:56 of 3rd period - Brad Marchand wins face-off versus Lucas Raymond in Montreal Canadiens zone.
5:22 of 3rd period - Damon Severson is hit by Oliver Bjorkstrand.
6:02 of 3rd period - Minor Penalty to Ryan Poehling for Interference.
6:03 of 3rd period - Leo Carlsson wins face-off versus Martin Necas in Montreal Canadiens zone.
8:02 of 3rd period - Penalty to Ryan Poehling is over, Ryan Poehling is back on ice.
8:13 of 3rd period - Snap shot by Ilya Lyubushkin.
8:13 of 3rd period - Stopped by Filip Gustavsson with a rebound.
8:17 of 3rd period - Wrist shot by Martin Necas.
8:17 of 3rd period - Stopped by Filip Gustavsson with a rebound.
8:19 of 3rd period - Slapshot by Ilya Lyubushkin.
8:19 of 3rd period - Shot Blocked by Brent Burns.
8:21 of 3rd period - Slapshot by Jake Evans.
8:21 of 3rd period - Shot Misses the Net.
8:23 of 3rd period - Snap shot by Martin Necas.
8:23 of 3rd period - Stopped by Filip Gustavsson with a rebound.
8:25 of 3rd period - Snap shot by Ilya Lyubushkin.
8:25 of 3rd period - Stopped by Filip Gustavsson without a rebound.
8:26 of 3rd period - Macklin Celebrini wins face-off versus Morgan Frost in Chicago Black Hawks zone.
9:04 of 3rd period - Justin Faulk is hit by Ryan Poehling and loses puck.
9:15 of 3rd period - Snap shot by Ryan Poehling.
9:15 of 3rd period - Shot Blocked by Shane Wright.
9:21 of 3rd period - Minor Penalty to Oliver Bjorkstrand for Hooking.
9:22 of 3rd period - Barrett Hayton wins face-off versus Dylan Larkin in Chicago Black Hawks zone.
9:22 of 3rd period - Barrett Hayton is hit by Juraj Slafkovsky.
9:48 of 3rd period - Adam Fox is hit by Brett Howden and loses puck.
11:20 of 3rd period - Dylan Larkin is hit by Justin Faulk and loses puck.
11:21 of 3rd period - Penalty to Oliver Bjorkstrand is over, Oliver Bjorkstrand is back on ice.
12:12 of 3rd period - Snap shot by Leo Carlsson.
12:12 of 3rd period - Shot Blocked by Ilya Lyubushkin.
12:14 of 3rd period - Wrist shot by Oliver Bjorkstrand.
12:14 of 3rd period - Chicago Black Hawks goal is going for a video replay.
12:14 of 3rd period - The goal is refused. The puck has been directed, batted or thrown into the net by an attacking player other than with a stick..
12:15 of 3rd period - Leo Carlsson wins face-off versus Jake Evans in Montreal Canadiens zone.
12:16 of 3rd period - Wrist shot by Oliver Bjorkstrand.
12:16 of 3rd period - Stopped by Stuart Skinner without a rebound.
12:17 of 3rd period - Leo Carlsson wins face-off versus Brad Marchand in Montreal Canadiens zone.
12:50 of 3rd period - Lucas Raymond is hit by Brad Marchand.
13:26 of 3rd period - Wrist shot by Jake Evans.
13:26 of 3rd period - Shot Blocked by Matthew Beniers.
13:28 of 3rd period - Wrist shot by Jake Evans.
13:28 of 3rd period - Stopped by Filip Gustavsson without a rebound.
13:29 of 3rd period - Ryan Poehling wins face-off versus Matthew Beniers in Chicago Black Hawks zone.
13:30 of 3rd period - Wrist shot by Patrik Laine.
13:30 of 3rd period - Shot Misses the Net.
13:32 of 3rd period - Slapshot by Ryan Poehling.
13:32 of 3rd period - Stopped by Filip Gustavsson with a rebound.
13:34 of 3rd period - Backhand shot by Ryan Poehling.
13:34 of 3rd period - Stopped by Filip Gustavsson with a rebound.
13:36 of 3rd period - Snap shot by Patrik Laine.
13:36 of 3rd period - Stopped by Filip Gustavsson with a rebound.
13:38 of 3rd period - Snap shot by Ryan Poehling.
13:38 of 3rd period - Stopped by Filip Gustavsson with a rebound.
13:40 of 3rd period - Slapshot by Damon Severson.
13:40 of 3rd period - Deflect By Patrik Laine.
13:40 of 3rd period - Stopped by Filip Gustavsson without a rebound.
13:41 of 3rd period - Barrett Hayton wins face-off versus Ryan Poehling in Chicago Black Hawks zone.
13:46 of 3rd period - Snap shot by Trevor Zegras.
13:46 of 3rd period - Shot Blocked by Ryan Poehling.
15:22 of 3rd period - Wrist shot by Bobby Brink.
15:22 of 3rd period - Stopped by Stuart Skinner with a rebound.
15:24 of 3rd period - Snap shot by Shane Wright.
15:24 of 3rd period - Shot Misses the Net.
16:08 of 3rd period - Slapshot by Lane Hutson.
16:08 of 3rd period - Deflect By Arttu Hyry.
16:08 of 3rd period - Shot Blocked by Justin Faulk.
16:08 of 3rd period - Puck is out of play.
16:09 of 3rd period - Matthew Beniers wins face-off versus Evgeni Dadonov in Chicago Black Hawks zone.
16:26 of 3rd period - Snap shot by Evgeni Dadonov.
16:26 of 3rd period - Stopped by Filip Gustavsson without a rebound.
16:27 of 3rd period - Ryan Poehling wins face-off versus Leo Carlsson in Chicago Black Hawks zone.
17:05 of 3rd period - Slapshot by Zachary Werenski.
17:05 of 3rd period - Stopped by Stuart Skinner without a rebound.
17:06 of 3rd period - Morgan Frost wins face-off versus Dylan Larkin in Montreal Canadiens zone.
17:07 of 3rd period - Snap shot by Brett Howden.
17:07 of 3rd period - Stopped by Stuart Skinner without a rebound.
17:08 of 3rd period - Morgan Frost wins face-off versus Dylan Larkin in Montreal Canadiens zone.
17:15 of 3rd period - Christopher Tanev is hit by Dylan Larkin and loses puck.
17:19 of 3rd period - Icing by Christopher Tanev.
17:20 of 3rd period - Ryan Poehling wins face-off versus Morgan Frost in Chicago Black Hawks zone.
17:51 of 3rd period - Snap shot by Brett Howden.
17:51 of 3rd period - Shot Misses the Net.
17:53 of 3rd period - Wrist shot by Christopher Tanev.
17:53 of 3rd period - Shot Misses the Net.
17:55 of 3rd period - Slapshot by Morgan Frost.
17:55 of 3rd period - Stopped by Stuart Skinner with a rebound.
17:57 of 3rd period - Snap shot by Morgan Frost.
17:57 of 3rd period - Stopped by Stuart Skinner without a rebound.
17:58 of 3rd period - Matthew Beniers wins face-off versus Teddy Blueger in Montreal Canadiens zone.
18:04 of 3rd period - Minor Penalty to Lane Hutson for Interference.
18:05 of 3rd period - Barrett Hayton wins face-off versus Teddy Blueger in Montreal Canadiens zone.
18:31 of 3rd period - Christopher Tanev is hit by Brady Skjei and loses puck.
19:44 of 3rd period - Ryan Poehling is hit by Brent Burns and loses puck.
Goals for this period are 0 for Montreal Canadiens vs 0 for Chicago Black Hawks.
Shots for this period are 13 for Montreal Canadiens vs 14 for Chicago Black Hawks.